 Dungeon Crawl Stone Soup version 0.30-b1-2-g02819fbbbe (webtiles) character file.

Game seed: 3811934593568451486

10301 Anon1729 the Fighter (level 11, -2/90 HPs)
             Began as a Minotaur Monk on Aug 23, 2023.
             Was an Elder of Hepliaklqana.
             Slain by a vampire (9 damage)
             ... on level 10 of the Dungeon.
             The game lasted 00:07:26 (10857 turns).

Anon1729 the Fighter (Minotaur Monk)               Turns: 10857, Time: 00:07:27

Health: -2/90      AC: 16    Str: 17    XL:     11   Next: 34%
Magic:  5/5        EV: 15    Int: 10    God:    Hepliaklqana [****..]
Gold:   685        SH:  0    Dex: 18    Spells: 10/10 levels left

rFire   . . .        L - +10 great sword of Summertime {antimagic, rN+ Int+3 Stlth-}
rCold   + . .        (shield currently unavailable)
rNeg    + . .        o - +4 scale mail of the Gardener {+Inv Dex+2}
rPois   .            (helmet restricted)
rElec   .            F - +2 cloak
rCorr   .            (no gloves)
SInv    .            (no boots)
Will    +....        (no amulet) Stlth
                     K - ring of willpower
HPRegen 0.35/turn    E - ring of protection from cold
MPRegen 0.09/turn

%: no passive effects
@: about to teleport
A: reduced essence, horns 2, retaliatory headbutt
a: Renounce Religion, Evoke Invisibility, Recall Ancestor, Ancestor Identity,
Transference, Idealise


You were on level 10 of the Dungeon.
You worshipped Hepliaklqana.
Hepliaklqana was greatly pleased with you.
You visited 1 branch of the dungeon, and saw 11 of its levels.

You collected 685 gold pieces.

Inventory:

Hand Weapons
 i - a +0 dagger of venom
 q - the +4 sling "Wuroxaar" {flame, Str+2 Dex+7}
   (You found it on level 2 of the Dungeon)

   Str:       It affects your strength (+2).
   Dex:       It affects your dexterity (+7).
 I - a +3 great sword of freezing
 L - the +10 great sword of Summertime (weapon) {antimagic, rN+ Int+3 Stlth-}
   (You found it on level 8 of the Dungeon)

   Int:       It affects your intelligence (+3).
   rN:        It protects you from negative energy.
   Stlth:     It makes you less stealthy.
Missiles
 f - 2 curare-tipped darts
 N - a throwing net (quivered)
Armour
 b - a +0 robe
 d - an orb of light
 o - the +4 scale mail of the Gardener (worn) {+Inv Dex+2}
   (You found it on level 10 of the Dungeon)

   Dex:       It affects your dexterity (+2).
   +Inv:      It lets you turn invisible.
 F - a +2 cloak (worn)
 M - the +1 ring mail "Seikoito" {Int+7}
   (You found it on level 8 of the Dungeon)

   Int:       It affects your intelligence (+7).
Jewellery
 t - a +6 ring of intelligence
 E - a ring of protection from cold (right hand)
 K - a ring of willpower (left hand)
Wands
 s - a wand of light (8)
 z - a wand of paralysis (19)
 D - a wand of polymorph (9)
 O - a wand of flame (4)
Scrolls
 e - 2 scrolls of teleportation
 g - 2 scrolls of fog
 k - 3 scrolls of vulnerability
 p - a scroll of enchant weapon
 x - a scroll of enchant armour {unknown}
 y - 2 scrolls of immolation
 A - 2 scrolls of silence {unknown}
 G - a scroll of brand weapon {unknown}
 J - a scroll of acquirement {unknown}
Potions
 a - 4 potions of lignification {unknown}
 c - 3 potions of invisibility {unknown}
 h - 2 potions of curing
 j - 2 potions of heal wounds {unknown}
 l - a potion of flight {unknown}
 m - 2 potions of degeneration {unknown}
 r - a potion of brilliance {unknown}
 u - a potion of berserk rage {unknown}
 v - a potion of ambrosia
 w - a potion of haste {unknown}
 B - 3 potions of mutation {unknown}
 C - 2 potions of might {unknown}
 H - a potion of attraction {unknown}


   Skills:
 + Level 10.3 Fighting
 + Level 9.3 Short Blades
 + Level 9.5 Armour
 + Level 9.4 Dodging
 + Level 7.9 Invocations
 + Level 2.0 Evocations


You had 10 spell levels left.
You didn't know any spells.
Your spell library contained the following spells:

 Spells                   Type           Power      Damage    Failure   Level
 Magic Dart               Conj           0%         1d3       71%         1
 Blink                    Tloc           0%         N/A       83%         2
 Call Imp                 Summ           0%         N/A       83%         2
 Lesser Beckoning         Tloc           0%         N/A       83%         2
 Momentum Strike          Conj/Tloc      0%         3d8       83%         2
 Dazzling Flash           Conj/Hex       0%         N/A       97%         3
 Gell's Gravitas          Tloc           0%         N/A       97%         3
 Hailstorm                Conj/Ice       0%         3d3       97%         3
 Ignite Poison            Fire/Tmut/Pois 0%         N/A       97%         3
 Mephitic Cloud           Conj/Pois/Air  0%         N/A       97%         3
 Teleport Other           Tloc           0%         N/A       97%         3
 Cause Fear               Hex            0%         N/A       100%        4
 Ice Form                 Ice/Tmut       0%         N/A       100%        4
 Manifold Assault         Tloc           0%         N/A       100%        4
 Agony                    Necr           0%         N/A       100%        5
 Fireball                 Conj/Fire      0%         3d3       100%        5
 Silence                  Hex/Air        0%         N/A       100%        5
 Simulacrum               Ice/Necr       0%         N/A       100%        6
 Dragon Form              Tmut           0%         N/A       100%        7
 Storm Form               Tmut/Air       0%         N/A       100%        7
 Dragon's Call            Summ           0%         N/A       100%        9
 Fire Storm               Conj/Fire      0%         5d1       100%        9


Dungeon Overview and Level Annotations

Branches:
Dungeon (11/15)            Temple (0/1) D:6            Lair (0/5) D:8
    Orc (0/2) D:9

Altars:
Hepliaklqana
Qazlal
Uskayaw
Zin

Shops:
D:10 *


Innate Abilities, Weirdness & Mutations

Your life essence is reduced to manifest your ancestor. (-10% HP)
You have a pair of horns on your head.
You reflexively headbutt those who attack you in melee.


Message History

* * * LOW HITPOINT WARNING * * *
The two-headed ogre hits you but does no damage. x2
You hear a shout! x3; You hear a bellow!
You hear a shout!
You hear a bellow! x2
The howler monkey hits you.
* * * LOW HITPOINT WARNING * * *
The troll bites you!
* * * LOW HITPOINT WARNING * * *
The troll claws you!
* * * LOW HITPOINT WARNING * * *
The troll claws you!
* * * LOW HITPOINT WARNING * * *
You turn to flesh and can move again.
You are too injured to fight recklessly!
You are too injured to fight recklessly!
You are too injured to fight recklessly!
You are too injured to fight recklessly!
As you read the scroll of fear, it crumbles to dust.
You assume a fearsome visage.
The howler monkey looks frightened!
The manticore looks frightened!
The basilisk looks frightened!
The troll looks frightened!
The two-headed ogre looks frightened!
A vampire comes into view.
The vampire closely misses you. x2
You feel better. The vampire barely misses you. The vampire bites you.
* * * LOW HITPOINT WARNING * * *
Okay, then.
The vampire barely misses you.
The vampire bites you but does no damage.
There is a stone staircase leading up here.
The vampire casts a spell.
The vampire flickers and vanishes!
Deactivating autopickup; reactivate with Ctrl-A.
You climb upwards.
Reactivating autopickup.
There is a stone staircase leading down here.
As you read the scroll of teleportation, it crumbles to dust.
You feel strangely unstable. Something hits you.
* * * LOW HITPOINT WARNING * * *
Deactivating autopickup; reactivate with Ctrl-A.
Something bites you!
You die...

...# ...# ...# ####
# ###### .....#
.[...# #########
.....#######...{@..#
.....'....##.......#
.....####..#.<.....#
.....# ##.#.......#
.....### #.'.†.....#
.......#####.......#
#####...# #####'####
###...### #.....#
#..R### ##.#####


There were no monsters in sight!

Vanquished Creatures
  2 two-headed ogres (D:9)
  Joseph (D:10)
  4 trolls
  Sigmund (D:2)
  A shadow (D:8)
  20 yaks
  2 vampire mosquitoes (D:11)
  A warg (D:9)
  2 water moccasins
  2 orc warriors (D:9)
  An ice beast (D:7)
  3 black bears (D:6)
  2 centaurs
  2 kobold brigands
  6 bullfrogs
  2 scorpions
  5 wights
  8 howler monkeys
  A lava snake (D:8)
  2 jellies
  Crazy Yiuf (D:2)
  7 orc priests
  A hound (D:7)
  A gnoll bouda (D:5)
  A sleepcap (D:7)
  2 iguanas
  Ijyb (D:5)
  4 orc wizards
  5 adders
  5 gnolls (D:5)
  A white imp (D:6)
  A worm (D:2)
  12 dart slugs
  23 orcs
  10 endoplasms
  3 giant cockroaches (D:2)
  5 goblins
  3 hobgoblins
  6 quokkas
  6 ball pythons
  10 bats
  2 frilled lizards (D:2)
  16 kobolds
  3 rats
197 creatures vanquished.

Vanquished Creatures (collateral kills)
  A black mamba (D:10)
  4 yaks (D:10)
  A vampire mosquito (D:11)
  A sky beast (D:7)
  An orc warrior (D:11)
  An ice beast (D:8)
  A bullfrog (D:7)
  A wight (D:7)
  A jelly (D:6)
  2 orc wizards (D:9)
  A white imp (D:6)
  6 orcs
21 creatures vanquished.

Vanquished Creatures (others)
  3 hexers
3 creatures vanquished.

Grand Total: 221 creatures vanquished

Notes
Turn   | Place    | Note
-------+----------+-------------------------------------------
     0 | D:1      | Anon1729 the Minotaur Monk began the quest for the Orb.
     0 | D:1      | Reached XP level 1. HP: 19/19 MP: 0/0
     3 | D:1      | Noticed an electric eel
     4 | D:1      | Noticed an electric eel
   212 | D:1      | Reached XP level 2. HP: 27/27 MP: 1/1
   989 | D:2      | Identified the +4 sling "Wuroxaar" {flame, Str+2 Dex+7}
  1011 | D:2      | Reached skill level 4 in Fighting
  1011 | D:2      | Reached skill level 1 in Armour
  1092 | D:2      | Reached XP level 3. HP: 33/33 MP: 2/2
  1216 | D:2      | Found a runed translucent door.
  1217 | D:2      | Noticed Crazy Yiuf
  1453 | D:2      | Reached skill level 1 in Invocations
  1517 | D:2      | Noticed Sigmund
  1527 | D:2      | Killed Sigmund
  1528 | D:2      | Reached XP level 4. HP: 31/41 MP: 2/4
  1528 | D:2      | Reached XP level 5. HP: 35/47 MP: 2/5
  2109 | D:2      | Killed Crazy Yiuf
  2402 | D:3      | You fall into a shaft and drop 1 floor!
  2460 | D:4      | Reached XP level 6. HP: 52/55 MP: 6/6
  2476 | D:4      | HP: 2/55 [howler monkey (7)]
  2478 | D:4      | Reached skill level 5 in Fighting
  3792 | D:5      | Entered Level 5 of the Dungeon
  3839 | D:5      | Noticed a water moccasin
  3849 | D:5      | Killed a water moccasin
  3850 | D:5      | Reached skill level 5 in Short Blades
  3850 | D:5      | Reached skill level 5 in Dodging
  3850 | D:5      | Reached XP level 7. HP: 37/61 MP: 8/8
  4315 | D:5      | Noticed Ijyb
  4321 | D:5      | Killed Ijyb
  4331 | D:5      | Found a hazy altar of Hepliaklqana.
  4388 | D:5      | Reached skill level 6 in Fighting
  4940 | D:5      | Found a glowing silver altar of Zin.
  4940 | D:5      | Found a stormy altar of Qazlal.
  5218 | D:5      | Became a worshipper of Hepliaklqana the Forgotten
  5218 | D:5      | Reached * piety under Hepliaklqana
  5218 | D:5      | Reached ** piety under Hepliaklqana
  5219 | D:5      | Remembered your ancestor Imgur-Sin as a hexer
  5261 | D:6      | Reached XP level 8. HP: 20/63 MP: 9/9
  5724 | D:6      | Reached skill level 5 in Armour
  5769 | D:6      | Found a staircase to the Ecumenical Temple.
  6210 | D:7      | Reached skill level 7 in Fighting
  6439 | D:7      | Reached skill level 5 in Invocations
  6443 | D:7      | Reached XP level 9. HP: 44/68 MP: 11/11
  6792 | D:7      | Reached *** piety under Hepliaklqana
  7155 | D:8      | Found a staircase to the Lair.
  7201 | D:8      | Identified the +1 ring mail "Seikoito" {Int+7}
  7471 | D:8      | Found a hide-covered altar of Uskayaw.
  7543 | D:8      | Identified the +10 great sword of Summertime {antimagic,
                  | rN+ Int+3 Stlth-}
  7560 | D:8      | Reached **** piety under Hepliaklqana
  7949 | D:9      | Noticed a two-headed ogre
  7953 | D:9      | Killed a two-headed ogre
  7954 | D:9      | Reached skill level 8 in Fighting
  8294 | D:9      | Reached XP level 10. HP: 51/81 MP: 4/13
  8631 | D:9      | Found a staircase to the Orcish Mines.
  8632 | D:9      | Noticed a two-headed ogre
  8638 | D:9      | Reached skill level 9 in Fighting
  8639 | D:9      | Killed a two-headed ogre
  8680 | D:9      | Got Recsicuo's Reference Book on Lava
  9244 | D:10     | Entered Level 10 of the Dungeon
  9292 | D:10     | Found Gaipamp's General Store.
  9299 | D:10     | Identified the +4 scale mail of the Gardener {+Inv Dex+2}
  9413 | D:10     | Noticed Joseph
  9419 | D:10     | HP: 3/83 [Joseph/+0 quarterstaff of distortion (19)]
  9423 | D:10     | Killed Joseph
  9762 | D:10     | Reached XP level 11. HP: 64/89 MP: 5/15
  9879 | D:10     | Noticed Sonja
  9882 | D:10     | HP: 1/89 [yak (5)]
 10185 | D:10     | Sonja changed into Sonja the black mamba
 10185 | D:10     | Noticed Sonja
 10189 | D:10     | Killed Sonja the black mamba
 10190 | D:10     | Reached skill level 10 in Fighting
 10477 | D:10     | Reached skill level 1 in Evocations
 10829 | D:11     | Noticed a two-headed ogre
 10844 | D:11     | HP: 2/90 [troll (4)]
 10857 | D:10     | Slain by a vampire

Illustrated notes

Levels and vault maps discovered:
D:1:      arrival_aquarium_b, layout_basic
D:2:      minmay_chambers_of_twos, layout_basic, uniq_sigmund,
          uniq_crazy_yiuf_cottage
D:3:      layout_loops_cross
D:4:      kennysheep_slugbush, layout_loops_cross
D:5:      layout_loops_ring, mainiacjoe_overflow_concentric_impassable,
          gammafunk_temple_overflow_statue, uniq_ijyb
D:6:      layout_loops_ring, temple_doors_e
D:7:      layout_cave_pools, minmay_holes
D:8:      layout_basic, nicolae_uskayaw_suspiria, dpeg_oklobed_lair,
          nicolae_benzene_ring, nrook_campfire
D:9:      layout_basic, david_orc_3
D:10:     layout_roguey, serial_shops, nicolae_square_shop, serial_curves,
          eino_curves_03, eino_curves_01, uniq_joseph, uniq_sonja
D:11:     layout_cave_pools, minmay_puff

Skill      XL: |  1  2  3  4  5  6  7  8  9 10 11 |
---------------+----------------------------------+-----
Fighting       | 4 5 6 7 8 9 10 | 10.3
Armour         | 1 2 3 4 6 7 9 |  9.5
Invocations    | 2 3 5 6 7 |  7.9
Short Blades   | 4 5 6 7 9 |  9.3
Dodging        | 4 5 6 7 9 |  9.4
Evocations     | 2 |  2.0

Action                     |  1- 3 |  4- 6 |  7- 9 | 10-12 || total
---------------------------+-------+-------+-------+-------++-------
  Melee: Short sword       |    33 |       |       |       ||    33
         Headbutt          |    16 |    36 |    91 |    26 ||   169
         Dagger            |    34 |   137 |   260 |       ||   431
         Great sword       |       |       |    21 |   126 ||   147
 Invoke: Ancestor Life: He |       |       |     1 |       ||     1
         Recall Ancestor   |       |       |     1 |       ||     1
  Evoke: Wand              |       |       |       |     7 ||     7
    Use: Potion            |       |     1 |       |     4 ||     5
         Scroll            |       |       |     4 |     8 ||    12
   Stab: Confused          |       |       |     4 |     2 ||     6
         Distracted        |       |       |     2 |     1 ||     3
 Armour: Robe              |    18 |    20 |    41 |       ||    79
         Ring mail         |       |       |     9 |    23 ||    32
         Scale mail        |       |       |       |    38 ||    38
  Dodge: Dodged            |    43 |    61 |   165 |   134 ||   403
